 Dungeon Crawl Stone Soup version 0.30-a0-779-g7971cf19c3 (webtiles) character file.

Game seed: 11944441447570472645

24 DEFE the Cudgeller (level 2, -3/28 HPs)
             Began as a Demonspawn Wanderer on Feb 17, 2023.
             Slain by Sigmund
             ... wielding a +1 scythe of protection
              (9 damage)
             ... on level 2 of the Dungeon.
             The game lasted 00:01:03 (786 turns).

DEFE the Cudgeller (Demonspawn Wanderer)             Turns: 786, Time: 00:01:04

Health: -3/28      AC: 21    Str: 14    XL:     2   Next: 79%
Magic:  3/3        EV:  2    Int: 13    God:
Gold:   133        SH:  0    Dex: 10    Spells: 2/3 levels left

rFire   + . .      SeeInvis .    a - +2 mace
rCold   . . .      Faith    .    (no shield)
rNeg    . . .      Spirit   .    (body armour currently unavailable)
rPois   +          Reflect  .    (helmet currently unavailable)
rElec   .          Harm     .    (cloak currently unavailable)
rCorr   .          Rampage  .    (gloves currently unavailable)
Will    .....      NoTele   +    (boots currently unavailable)
Stlth   +                        (no amulet)
HPRegen 0.24/turn                f - ring of protection from fire
MPRegen 0.08/turn                (no ring)

@: confused, mighty, tree-form
A: stationary, stasis, torment immunity, boosted hp, (sharp scales 1)
a: no special abilities


You were on level 2 of the Dungeon.
You were a tree.
You visited 1 branch of the dungeon, and saw 2 of its levels.

You collected 133 gold pieces.

Inventory:

Hand Weapons
 a - a +2 mace (weapon)
Armour
 d - a +0 leather armour (melded)
 o - a +0 cloak (melded)
Jewellery
 f - a ring of protection from fire (left branch)
Wands
 b - a wand of flame (7)
Scrolls
 e - 2 scrolls of noise {unknown}
 h - a scroll of brand weapon {unknown}
 i - a scroll of torment {unknown}
 j - a scroll of silence {unknown}
 k - a scroll of magic mapping {unknown}
 l - a scroll of poison {unknown}
 m - 2 scrolls of identify {unknown}
 n - a scroll of immolation {unknown}
Potions
 c - a potion of lignification
 g - a potion of might


   Skills:
 + Level 4.4 Maces & Flails
 - Level 1.0 Spellcasting
 - Level 2.0 Hexes
 - Level 3.0 Evocations


You had 2 spell levels left.
You knew the following spells:

 Your Spells              Type           Power      Damage    Failure   Level
a - Slow                  Hex            20%        N/A       12%         1

Your spell library contained the following spells:

 Spells                   Type           Power      Damage    Failure   Level
 Confusing Touch          Hex            5%         N/A       36%         3


Dungeon Overview and Level Annotations

Branches:
Dungeon (2/15)

Altars:

Shops:
D:1 (

Annotations:
D:2 Sigmund


Innate Abilities, Weirdness & Mutations

You are a tree.
Your roots penetrate the ground, keeping you stationary.
You cannot be teleported.
You are immune to unholy pain and torment.
Your maximum health is greatly increased.
Your equipment is partially melded.
((You are partially covered in razor-sharp scales. (AC +1, Slay +1)))


Message History

You closely miss Sigmund.
Sigmund hits you with a +1 scythe of protection.
You take 6 damage, and have 13/19 hp.
MASSIVE DAMAGE!!
You closely miss Sigmund.
Sigmund laughs darkly.
Sigmund hits you with a +1 scythe of protection!
* * * LOW HITPOINT WARNING * * *
You take 8 damage, and have 5/19 hp.
MASSIVE DAMAGE!!
Unknown command.
Really quaff the potion of lignification?
You turn into a tree.
Your +0 cloak melds into your body.
Your +0 leather armour melds into your body.
Your roots penetrate the ground.
Sigmund mumbles some strange words.
Sigmund flickers and vanishes!
Deactivating autopickup; reactivate with Ctrl-A.
Something hits you but does no damage.
You now have 7/28 hp.
Unknown command.
You cannot move.
Unknown command.
You cannot move.
You miss something. Something hits you but does no damage.
You closely miss something.
You hear some strange, mumbled words.
You are confused.
Unknown command.
You swing at nothing.
Something hits you but does no damage. x2
Unknown command.
It was a potion of might.
You feel very mighty all of a sudden. Something hits you.
* * * LOW HITPOINT WARNING * * *
You take 3 damage, and have 5/28 hp.
Unknown command.
You nearly hit yourself!
Something hits you but does no damage.
You nearly hit yourself!
Something hits you!
You die...

#......#####.#.# #.....#
#.####.†.....#.####.....
# #...).....#..........
#.##.........######.....
........................#
##.#...........######..##
#.#.........#.# #....
#....#......# # #####
#......♣###.#
#.......{...#
#....."#.#### ##....###.
##..# #. ..!. ## ####.


There were no monsters in sight!

Vanquished Creatures
  A dart slug (D:1)
  4 ball pythons
  2 endoplasms (D:1)
  4 hobgoblins (D:1)
  4 bats
  A frilled lizard (D:1)
  A goblin (D:2)
  A kobold (D:1)
  4 rats
22 creatures vanquished.

Notes
Turn   | Place    | Note
-------+----------+-------------------------------------------
     0 | D:1      | DEFE the Demonspawn Wanderer began the quest for the Orb.
     0 | D:1      | DEFE set off with the following items: a +2 mace, a wand of
                  | flame (7), a potion of lignification, a +0 leather armour;
                  | and the following spell memorised: Slow; and the following
                  | spells available to memorise: Confusing Touch.
     0 | D:1      | Reached XP level 1. HP: 13/13 MP: 2/2
    92 | D:1      | Found Neapeoti's Antique Weapon Emporium.
   185 | D:1      | Reached skill level 4 in Maces & Flails
   211 | D:1      | Gained mutation: You are partially covered in razor-sharp
                  | scales. (AC +1, Slay +1) [demonic ancestry]
   211 | D:1      | Reached XP level 2. HP: 19/19 MP: 3/3
   282 | D:1      | You fall into a shaft and drop 1 floor!
   775 | D:2      | Noticed Sigmund
   786 | D:2      | Slain by Sigmund

Illustrated notes

Levels and vault maps discovered:
D:1:      lordsloth_arrival_two_stooges, layout_basic, serial_bayou,
          serial_bayou_shore_b, serial_bayou_pond_c, serial_bayou_crossing,
          serial_bayou_pond_c, serial_shops, shop_fountains
D:2:      layout_loops_ring, uniq_sigmund

Skill      XL: |  1 |
---------------+----+-----
Maces & Flails | 4 |  4.4
Spellcasting   | |  1.0
Hexes          | |  2.0
Evocations     | |  3.0

Action                     || total
---------------------------++-------
  Melee: Mace              ||    58
    Use: Potion            ||     2
 Armour: Leather armour    ||    16
         Skin              ||     5
  Dodge: Dodged            ||    39

Table legend: (Time is in decaauts)
 A = Elapsed time spent in this place.
 B = Non-inter-level travel time spent in this place.
 C = Inter-level travel time spent in this place.
 D = Time resting spent in this place.
 E = Time spent auto-exploring this place.
 F = Levels seen in this place.
 G = Mean time per level.
                   A        B        C        D        E       F      G
               +--------+--------+--------+--------+--------+-----+--------+
         Total |    811 |    762 |     49 |     49 |    539 |   2 |  405.5 |
       Dungeon |    811 |    762 |     49 |     49 |    539 |   2 |  405.5 |
               +--------+--------+--------+--------+--------+-----+--------+

Top non-repeatable levels by time:
     D:1: 634 daAuts
     D:2: 176 daAuts
